cohdb
Replays
Latest Replays
All Replays
Popular Replays
Top Player Replays
Match Explorer
How It Works
Community
CoH3 Stats
Reddit
Sign in to upload your games and track your stats! →
Sign in with Steam
Match 24833700
Unlisted
Match 24833700
Overview
Messages
Build Orders
End
Panzergrenadier Squad
250 Light Carrier
Construct Light Support Kompanie
Combat Half-tracks
Selects Armored Support Battlegroup
Selects Superior Fire Drills
Construct Mechanized Kompanie
Advanced Field Repairs
Vehicle Survival Package
8 Rad Armored Car
Panzerjäger Mechanized Group
Veteran Squad Leaders
Support Armor Elements
Emergency Repair Kits
Panzergrenadier Squad
Construct Panzerarmee Kommand
Rapid Advance
Panzer III L Medium Tank
Armored Reserves
Selects Flammpanzer III Medium Tank Sd.Kfz. 141
Selects Command Panzer IV F Medium Tank
Selects Salvage Kits
s73r01d
Furiousity
Bernour
CPU - Expert
CPU - Expert
CPU - Expert
0
0
Comments
sign in to comment!
No comments posted yet!